 Dungeon Crawl Stone Soup version 0.30.0-19-g36f170ea60 (webtiles) character file.

Game seed: 7056495791713055400

226 Graphine the Digger (level 6, -2/35 HPs)
             Began as a Gargoyle Earth Elementalist on May 31, 2023.
             Slain by a goblin
             ... wielding a +0 club
             ... led by Robin
              (3 damage)
             ... on level 3 of the Dungeon.
             The game lasted 00:07:59 (2370 turns).

Graphine the Digger (Gargoyle Earth Elementalist)   Turns: 2370, Time: 00:08:00

Health: -2/35      AC:  7    Str: 11    XL:     6   Next: 1%
Magic:  8/10       EV: 11    Int: 18    God:
Gold:   101        SH:  0    Dex: 10    Spells: 4/10 levels left

rFire   + . .        f - staff of cold
rCold   + + .        (no shield)
rNeg    + . .        a - +0 robe
rPois   ∞            (no helmet)
rElec   +            l - scarf {rC+ rF+}
rCorr   .            (no gloves)
SInv    .            i - +0 pair of boots
Will    .....        (no amulet)
Stlth   ++           (no ring)
HPRegen 0.25/turn    (no ring)
MPRegen 0.12/turn

%: no passive effects
@: no status effects
A: sickness immunity, AC +4, negative energy resistance 1, electricity
resistance, torment resistance 1, petrification resistance
a: no special abilities


You were on level 3 of the Dungeon.
You visited 1 branch of the dungeon, and saw 3 of its levels.
You also visited: Sewer.

You collected 101 gold pieces.

Inventory:

Hand Weapons
 c - a +0 short sword
Armour
 a - a +0 robe (worn)
 i - a +0 pair of boots (worn)
 l - a scarf of resistance (worn)
Magical Staves
 f - a staff of cold (weapon)
Scrolls
 b - a scroll of fear
 h - a scroll of vulnerability {unknown}
 j - a scroll of amnesia
 k - 2 scrolls of teleportation
Potions
 d - a potion of might
 g - 3 potions of curing


   Skills:
 * Level 1.9 Fighting
 * Level 1.9 Armour
 - Level 1.5 Dodging
 * Level 3.2 Stealth
 * Level 2.1 Shields
 * Level 2.7 Spellcasting
 * Level 2.2 Conjurations
 - Level 0.7 Transmutations
 * Level 4.4 Earth Magic


You had 4 spell levels left.
You knew the following spells:

 Your Spells              Type           Power      Damage    Failure   Level
a - Sandblast             Erth           36%        2d10      2%          1
b - Passwall              Tmut/Erth      9%         N/A       9%          2
c - Stone Arrow           Conj/Erth      28%        3d8       13%         3

Your spell library contained the following spells:

 Spells                   Type           Power      Damage    Failure   Level
 Shock                    Conj/Air       24%        1d4       11%         1
 Swiftness                Air            2%         N/A       45%         3
 Petrify                  Tmut/Erth      11%        N/A       50%         4
 Airstrike                Air            1%         2d(1-17)  86%         4


Dungeon Overview and Level Annotations

Branches:
Dungeon (3/15)              Sewer (visited)

Altars:
The Shining One

Annotations:
D:3 Robin


Innate Abilities, Weirdness & Mutations

You are immune to sickness and miasma.
Your stone body is resilient. (AC +4)
You are immune to poison.
You resist negative energy. (rN+)
You are resistant to electric shocks. (rElec)
You are resistant to unholy torment.
You are immune to petrification.


Message History

Done exploring.
There is a gate leading back out of this place here.
As you read the scroll of identify, it crumbles to dust.
d - a potion of might
As you read the scroll of identify, it crumbles to dust.
g - 3 potions of curing Welcome back to the Dungeon!
Level annotation: Robin
There is a collapsed entrance here.
You enter the shallow water.
Moving in this stuff is going to be slow.
The endoplasm freezes you.
You are frozen.
You resist. The endoplasm attacks as you move away!
The endoplasm splashes around in the water.
The endoplasm attacks as you move away! The endoplasm misses you.
The endoplasm attacks as you move away! The endoplasm barely misses you.
The goblin hits you with a +0 club. The endoplasm hits you.
The goblin hits you with a +0 club.
Casting: Sandblast (safe; 2% risk of failure)
Confirm with . or Enter, or press ? or * to list all spells.
Aiming: Passwall (safe; 9% risk of failure)
Press: ? - help, Dir - move target A rock wall.
The adder hisses angrily.
The goblin hits you but does no damage. The endoplasm freezes you.
You are frozen.
You resist.
The ogre hits you with a +0 giant spiked club!!
Ouch! That really hurt!
* * * LOW HITPOINT WARNING * * *
The rat bites you.
* * * LOW HITPOINT WARNING * * *
You begin to meditate on the wall.
You continue meditating on the rock.
The goblin hits you with a +0 club.
* * * LOW HITPOINT WARNING * * *
The endoplasm barely misses you. The rat bites you but does no damage.
You continue meditating on the rock.
The goblin hits you with a +0 club.
You die...

...........!........
#............#.....
+....~~~.....#.....
#..~~~~~.........
#..~~.~~..##..... #
...##..~~~~~.S..######.#
........~~~...g.........
............rOJg.......#
............^.@r...###.#
.........#..####.......#
.........##..g.........+
....##...####..###.....#
.# .... #.........
#.....# .# g.. #.r.....
#.....###.# ...
##.#......# #.
..###.#......# #
#....>#.....##


You could see an ogre, an adder, an endoplasm, a hobgoblin, a goblin and 2 rats.

Vanquished Creatures
  A phantom (D:3)
  A jelly (D:3)
  2 adders
  6 river rats (Sewer)
  A dart slug (D:2)
  2 bats (D:1)
  3 endoplasms
  4 giant cockroaches
  3 goblins
  3 hobgoblins
  4 jackals (D:1)
  A quokka (D:2)
  9 ball pythons
  5 frilled lizards
  4 kobolds
  11 rats
60 creatures vanquished.

Notes
Turn   | Place    | Note
-------+----------+-------------------------------------------
     0 | D:1      | Graphine the Gargoyle Earth Elementalist began the quest
                  | for the Orb.
     0 | D:1      | Reached XP level 1. HP: 10/10 MP: 3/3
     0 | D:1      | Noticed a minotaur zombie
     1 | D:1      | Noticed a minotaur zombie
     2 | D:1      | Noticed a minotaur zombie
     4 | D:1      | Noticed a demonspawn zombie
     9 | D:1      | Noticed a merfolk zombie
    13 | D:1      | Noticed a demonspawn zombie
    15 | D:1      | Noticed a demonspawn zombie
    19 | D:1      | Noticed a demonspawn zombie
   382 | D:1      | Reached XP level 2. HP: 15/15 MP: 3/5
   480 | D:1      | Learned a level 2 spell: Passwall
   506 | D:1      | You fall into a shaft and drop 1 floor!
   697 | D:2      | Reached skill level 1 in Conjurations
   718 | D:2      | Reached XP level 3. HP: 20/20 MP: 4/6
   724 | D:1      | Reached skill level 1 in Shields
  1273 | D:2      | Found a glowing golden altar of the Shining One.
  1307 | D:2      | Reached skill level 1 in Armour
  1614 | D:3      | Learned a level 3 spell: Stone Arrow
  1631 | D:3      | Reached skill level 1 in Fighting
  1631 | D:3      | Reached skill level 4 in Earth Magic
  1631 | D:3      | Reached XP level 4. HP: 25/25 MP: 4/7
  1657 | D:3      | Noticed a phantom
  1673 | D:3      | Found a glowing drain.
  1676 | D:3      | Noticed Robin
  1680 | D:3      | Noticed an ogre
  1682 | D:3      | Killed a phantom
  1683 | D:3      | Reached XP level 5. HP: 29/29 MP: 4/8
  1686 | Sewer    | Entered a sewer
  2187 | Sewer    | Reached XP level 6. HP: 35/35 MP: 8/10
  2368 | D:3      | HP: 1/35 [rat (2)]
  2370 | D:3      | Slain by a goblin

Illustrated notes

Levels and vault maps discovered:
D:1:      shiori_arrival_whats_in_store_for_you, layout_loops_ring,
          serial_forest, infiniplex_forest_straight_1,
          infiniplex_forest_clump_small, infiniplex_forest_clump_medium,
          infiniplex_forest_clump_diagonal, infiniplex_forest_straight_1,
          infiniplex_forest_straight_2
D:2:      layout_rooms, basic_altar, eino_tiny_chamber, minmay_stone_trees_small
D:3:      layout_basic, portal_sewer_entry_a, uniq_robin

Skill      XL: |  1  2  3  4  5 |
---------------+----------------+-----
Conjurations   | 1 2 |  2.2
Shields        | 1 2 |  2.1
Armour         | 1 |  1.9
Fighting       | 1 |  1.9
Earth Magic    | 4 |  4.4
Stealth        | 3 |  3.2
Dodging        | |  1.5
Spellcasting   | |  2.7
Transmutations | |  0.7

Action                     |  1- 3 |  4- 6 || total
---------------------------+-------+-------++-------
  Melee: Staff             |     3 |    18 ||    21
   Cast: Sandblast         |    48 |    36 ||    84
         Stone Arrow       |       |     4 ||     4
         Passwall          |       |     1 ||     1
    Use: Scroll            |     7 |     3 ||    10
         Potion            |       |     3 ||     3
 Armour: Robe              |     8 |    13 ||    21
  Dodge: Dodged            |    22 |    28 ||    50
